 Dungeon Crawl Stone Soup version 0.29.0-4-gdea44cf6ec (webtiles) character file.

Game seed: 10767280056027845071

2 qw the Sneak (level 1, -1/14 HPs)
             Began as a Gargoyle Delver on Sept 10, 2022.
             Slain by a bullfrog (6 damage)
             ... on level 3 of the Dungeon.
             The game lasted 00:00:06 (209 turns).

qw the Sneak (Gargoyle Delver)                       Turns: 209, Time: 00:00:07

Health: -1/14      AC:  5    Str: 15    XL:     1   Next: 40%
Magic:  1/1        EV: 11    Int: 10    God:
Gold:   13         SH:  0    Dex: 11    Spells: 0/0 levels left

rFire   . . .      SeeInvis .   Y - +0 hand axe
rCold   + . .      Faith    .   (no shield)
rNeg    + . .      Spirit   .   b - +0 leather armour
rPois   inf        Reflect  .   (no helmet)
rElec   +          Harm     .   (no cloak)
rCorr   .          Rampage  .   (no gloves)
Will    .....                   (no boots)
Stlth   +++.......              (no amulet)
HPRegen 0.04/turn               h - ring of protection from cold
MPRegen 0.07/turn               (no ring)

@: no status effects
A: sickness immunity, AC +2, negative energy resistance 1, electricity
resistance, torment resistance 1, petrification resistance
a: no special abilities


You were on level 3 of the Dungeon.
You visited 1 branch of the dungeon, and saw 3 of its levels.

You collected 13 gold pieces.


Innate Abilities, Weirdness & Mutations

You are immune to sickness and miasma.
Your stone body is resilient. (AC +2)
You are immune to poison.
You resist negative energy. (rN+)
You are resistant to electric shocks. (rElec)
You are resistant to unholy torment.
You are immune to petrification.


   Skills:
 - Level 3.2 Fighting
 + Level 2.0 Axes
 - Level 1.5 Dodging
 - Level 5.4 Stealth


You couldn't memorise any spells.
You didn't know any spells.
Your spell library was empty.

Inventory:

Hand Weapons
 Y - a +0 hand axe (weapon)
Armour
 b - a +0 leather armour (worn)
Jewellery
 h - a ring of protection from cold (left hand)
Wands
 g - a wand of digging (3)
Scrolls
 a - a scroll of immolation {unknown}
Potions
 e - a potion of attraction {unknown}
 f - a potion of haste

Dungeon Overview and Level Annotations

Branches:
Dungeon (5/15)
 Temple: D:4-7

Altars:


Message History

You hit the endoplasm.
You kill the endoplasm!
(D) Dungeon
Where to? (* - list waypoints, Enter - D:3, ? - help)
What level of the Dungeon? (default 1, ? - help)
There is a stone staircase leading up here.
You climb upwards.
There is a stone staircase leading down here.
Existing waypoints: (1) D:4 (2) D:5 Assign waypoint to what number? (0-9, D - delete waypoint) Waypoint 2 re-assigned from D:5 to D:3.
a - a scroll labelled WUUGOIMEEN An endoplasm comes into view.
The endoplasm jiggles.
You hit the endoplasm.
You kill the endoplasm!
Your Axes skill increases to level 2!
A bullfrog comes into view.
The bullfrog hits you.
You closely miss the bullfrog.
The bullfrog hits you but does no damage.
You barely miss the bullfrog. The bullfrog closely misses you.
The bullfrog barely misses you.
You hit the bullfrog.
The bullfrog is lightly wounded.
The bullfrog closely misses you. The bullfrog hits you.
You miss the bullfrog.
The bullfrog is lightly wounded.
The bullfrog hits you. The bullfrog barely misses you.
You slash the bullfrog!
The bullfrog is heavily wounded.
The bullfrog barely misses you. The bullfrog hits you.
You hit the bullfrog.
The bullfrog is severely wounded.
The bullfrog hits you but does no damage.
You hit the bullfrog.
The bullfrog is severely wounded.
The bullfrog completely misses you. The bullfrog hits you.
You die...

#.........#
#.###>###.#
#.# #.# #.#
#.# #.###.#
#.# #...#.#
#.# ###.#.#
#.# #.#.#
#.#####.#.#
#......@..#
......#F###
.........
##....#.##
##.?.#.#
.... ..#
.##. ### #


You could see a bullfrog.

Vanquished Creatures
  2 endoplasms
2 creatures vanquished.

Notes
Turn   | Place    | Note
-------+----------+-------------------------------------------
     0 | D:5      | qw the Gargoyle Delver began the quest for the Orb.
     0 | D:5      | Reached XP level 1. HP: 14/14 MP: 1/1
     0 | D:5      | 0 ||| qw: Version: 0.1-a-116-g5d60599
     0 | D:5      | 0 ||| qw: Game counter: 9508
     0 | D:5      | 0 ||| qw: Always use a shield: true
     0 | D:5      | 0 ||| qw: God list: Okawaru
     0 | D:5      | 0 ||| qw: Allow faded altars: false
     0 | D:5      | 0 ||| qw: Do Orc after D:15 true
     0 | D:5      | 0 ||| qw: Do second Lair branch before Depths: true
     0 | D:5      | 0 ||| qw: Lair rune preference: random
     0 | D:5      | 0 ||| qw: Plans: Normal
     0 | D:5      | 0 ||| PLANNING D:1-11
    45 | D:5      | 45 ||| DROPPING scroll of fog.
    46 | D:5      | 46 ||| DROPPING scroll of magic mapping.
    47 | D:5      | 47 ||| DROPPING scroll of fear.
   116 | D:4      | 116 ||| UPGRADING to ring of protection from cold.
   117 | D:4      | 117 ||| READING scroll labelled JEZECH FITU.
   118 | D:4      | 118 ||| READING scroll labelled POCHOA VUJADECK.
   192 | D:3      | Noticed a bullfrog
   209 | D:3      | Slain by a bullfrog

Levels and vault maps discovered:
D:3:      layout_loops_corners, trog_three_pillars_becter
D:4:      layout_basic, minmay_manual_mares
D:5:      layout_loops_ring, grunt_temple_overflow_champion_of_chaos,
          portal_sewer_entry_e, chequers_serial_rivers_micro_b

Skill      XL: |  1 |
---------------+----+-----
Axes           | 2 |  2.0
Fighting       | |  3.2
Dodging        | |  1.5
Stealth        | |  5.4

Action                   || total
-------------------------++-------
Melee: Hand axe          ||    10
  Use: Scroll            ||     2
 Stab: Sleeping          ||     1
Armor: Leather armour    ||     2
Dodge: Dodged            ||     7

Table legend:
 A = Non-vault XP
 B = Vault XP
 C = Vault XP percentage of total XP
 D = Non-vault monster count
 E = Vault monster count
 F = Vault count percentage of total count
                 A         B        C        D         E       F
            +---------+---------+-------+---------+---------+-------
      Total |       4 |       0 |   0.0 |       2 |       0 |   0.0
            +---------+---------+-------+---------+---------+-------
        D:3 |       2 |       0 |   0.0 |       1 |       0 |   0.0
        D:4 |       2 |       0 |   0.0 |       1 |       0 |   0.0
            +---------+---------+-------+---------+---------+-------
